 Dungeon Crawl Stone Soup version 0.29-a0-648-g6b26cc9f40 (webtiles) character file.

Game seed: 2131722829943961639

27671 Bnni the Spear-Bearer (level 13, -15/108 HPs)
             Began as a Demonspawn Fighter on June 20, 2022.
             Was a Believer of Yredelemnul.
             Demolished by a very large slime creature (42 damage)
             ... on level 14 of the Dungeon.
             The game lasted 00:35:45 (12318 turns).

Bnni the Spear-Bearer (Demonspawn Fighter)         Turns: 12318, Time: 00:35:45

Health: -15/108    AC: 19    Str: 18    XL:     13   Next: 5%
Magic:  22/22      EV:  5    Int: 12    God:    Yredelemnul [**....]
Gold:   855        SH: 11    Dex: 20    Spells: 12/12 levels left

rFire   + . .      SeeInvis .   a - +1 trident (flame)
rCold   + . .      Faith    .   f - +0 kite shield
rNeg    . . .      Spirit   .   u - +4 chain mail {rC+}
rPois   .          Reflect  .   (helmet restricted)
rElec   .          Harm     .   p - +0 cloak
rCorr   .          Rampage  .   k - +2 pair of gloves
Will    .....                   b - +0 pair of boots
Stlth   ++........              J - amulet of regeneration
HPRegen 1.08/turn               U - ring of protection from fire
MPRegen 0.18/turn               n - +4 ring of slaying

@: marked
A: antennae 1, thin skeletal structure 3, demonic guardian 1, spiny 1
a: Renounce Religion, Recall Undead Harvest, Dark Bargain


You were on level 14 of the Dungeon.
You worshipped Yredelemnul.
Yredelemnul was pleased with you.
You visited 2 branches of the dungeon, and saw 15 of its levels.

You collected 855 gold pieces.

Inventory:

Hand Weapons
 a - a +1 trident of flaming (weapon)
 P - the +8 hand crossbow "Ottysuog" {elec, Drain rElec rC+++ Will-}
   (You found it on level 10 of the Dungeon)

   Any ammunition fired from it occasionally discharges a powerful burst of
   electricity upon striking a foe.
   rC:        It renders you almost immune to cold.
   rElec:     It insulates you from electricity.
   Drain:     It drains your maximum health when unequipped.
   Will:      It decreases your willpower.
Missiles
 r - 6 datura-tipped darts
 B - 9 curare-tipped darts (quivered)
Armour
 b - a +0 pair of boots (worn)
 f - a +0 kite shield (worn)
 k - a +2 pair of gloves (worn)
 p - a +0 cloak (worn)
 u - a +4 chain mail of cold resistance (worn)
Jewellery
 j - a ring of poison resistance
 n - a +4 ring of slaying (right hand)
 v - a ring of flight
 y - a ring of see invisible
 J - an amulet of regeneration (around neck)
 T - a ring of ice
 U - a ring of protection from fire (left hand)
Wands
 e - a wand of paralysis (12)
 E - a wand of digging (1)
 L - a wand of iceblast (6)
 O - a wand of polymorph (11)
Scrolls
 i - 6 scrolls of amnesia
 l - a scroll of enchant armour
 q - 3 scrolls of magic mapping
 t - 5 scrolls of vulnerability
 x - a scroll of summoning
 A - 3 scrolls of immolation {unknown}
 D - a scroll of enchant weapon
 I - 2 scrolls of teleportation
 K - 2 scrolls of poison {unknown}
 M - 2 scrolls of acquirement {unknown}
 N - a scroll of fog
 Q - a scroll of blinking
Potions
 d - 5 potions of mutation
 g - 3 potions of lignification
 h - 2 potions of berserk rage
 m - 3 potions of attraction
 w - 2 potions of resistance
 C - 6 potions of curing
 F - 4 potions of haste
 G - 2 potions of cancellation
 H - a potion of magic
 R - a potion of brilliance


   Skills:
 + Level 12.2 Fighting
 - Level 14.0 Polearms
 + Level 5.1 Armour
 + Level 5.2 Shields
 * Level 12.1 Invocations


You had 12 spell levels left.
You didn't know any spells.
Your spell library contained the following spells:

 Spells                   Type           Power      Damage    Failure   Level
 Sandblast                Erth           0%         2d4       100%        1
 Shock                    Conj/Air       0%         1d3       100%        1
 Passwall                 Tmut/Erth      0%         N/A       100%        2
 Conjure Flame            Conj/Fire      0%         6-21      100%        3
 Gell's Gravitas          Tloc           0%         N/A       100%        3
 Ignite Poison            Fire/Tmut/Pois 0%         N/A       100%        3
 Lesser Beckoning         Tloc           0%         N/A       100%        3
 Stone Arrow              Conj/Erth      0%         3d7       100%        3
 Swiftness                Air            0%         N/A       100%        3
 Teleport Other           Tloc           0%         N/A       100%        3
 Airstrike                Air            0%         N/A       100%        4
 Anguish                  Hex/Necr       0%         N/A       100%        4
 Passage of Golubria      Tloc           0%         N/A       100%        4
 Petrify                  Tmut/Erth      0%         N/A       100%        4
 Sticky Flame             Conj/Fire      0%         2d3       100%        4
 Metabolic Englaciation   Hex/Ice        0%         N/A       100%        5
 Silence                  Hex/Air        0%         N/A       100%        5
 Statue Form              Tmut/Erth      0%         N/A       100%        6
 Enfeeble                 Hex            0%         N/A       100%        7
 Lehudib's Crystal Spear  Conj/Erth      0%         10d2      100%        8


Dungeon Overview and Level Annotations

Branches:
Dungeon (14/15)            Temple (1/1) D:7            Lair (0/6) D:9
    Orc (0/2) D:12         Vaults (0/5) D:13

Altars:
Ashenzari
Cheibriados
Dithmenos
Elyvilon
Fedhas
Gozag
Hepliaklqana
Kikubaaqudgha
Makhleb
Nemelex Xobeh
Okawaru
Qazlal
Ru
Sif Muna
Trog
Uskayaw
Vehumet
Wu Jian
Xom
Yredelemnul
Zin
The Shining One

Shops:
D:6 =   D:9 (


Innate Abilities, Weirdness & Mutations

You have a pair of small antennae on your head.
You have an unnaturally thin skeletal structure. (Dex +6, Stealth+++)
A weak demonic guardian rushes to your aid.
You are partially covered in sharp spines.


Message History

The large slime creature is struck by your spines.
The large slime creature hits you!
Your slime creature zombie hits the large slime creature.
You are too injured to fight recklessly!
You are too injured to fight recklessly!
Unknown command.
You are too injured to fight recklessly!
You are too injured to fight recklessly!
You are too injured to fight recklessly!
Unknown command.
You hit the slime creature but do no damage.
The slime creature is severely wounded.
The slime creature hits you but does no damage.
The large slime creature hits you but does no damage.
You puncture the slime creature! You burn the slime creature.
The slime creature is severely wounded.
The slime creature hits you!
Your slime creature zombie hits the large slime creature!
You barely miss the slime creature.
The slime creature is severely wounded.
The large slime creature hits you!
* * * LOW HITPOINT WARNING * * *
The slime creature is struck by your spines.
The slime creature hits you.
* * * LOW HITPOINT WARNING * * *
You swap places.
Your slime creature zombie barely misses the large slime creature.
Your slime creature zombie hits the slime creature.
Two slime creatures merge to form a very large slime creature.
Unknown command.
You are too injured to fight recklessly!
You puncture the very large slime creature!
You burn the very large slime creature.
The very large slime creature is heavily wounded.
Your slime creature zombie hits the very large slime creature! x2
You barely miss the very large slime creature.
The very large slime creature is severely wounded.
The very large slime creature hits you!!!
You die...
Your body rises from the dead as a mindless zombie.

#........#
#........#
#...##...### #
#...##...#.. ..
#...#....#.####...
#...#....#........
#...#..Z.#........
######'###J.......
..........@ZZ......
...................
..##...............
..................
..................
...................
###################


You could see a very large slime creature (ally target) and 2 friendly slime
creature zombies.

Vanquished Creatures
  2 hydras
  8 vault guards (D:13)
  Fannar (D:12)
  Erolcha (D:11)
  A two-headed ogre (D:13)
  4 centaur warriors (D:13)
  An orc knight (D:13)
  A deep elf pyromancer (D:14)
  4 manticores
  4 cyclopes
  An elephant (D:9)
  2 kobold demonologists (D:12)
  Psyche (D:12)
  2 meliai (D:14)
  3 trolls
  A polar bear (shapeshifter) (D:13)
  2 slime creatures (D:14)
  Sigmund (D:6)
  2 shadows
  2 wyverns
  A wraith (D:13)
  7 yaks
  3 basilisks
  8 vampire mosquitoes
  2 acid dragons (D:10)
  An ice beast (D:8)
  An orc warrior (D:11)
  2 black bears
  An ogre (D:5)
  2 centaurs
  4 kobold brigands
  A phantom (D:5)
  A gnoll sergeant (D:11)
  2 scorpions
  A necrophage (D:6)
  17 wights
  The ghost of aIck the Skirmisher, a weakling MiFi (D:3)
  10 killer bees
  3 electric eels (D:10)
  3 howler monkeys (D:9)
  4 quasits (D:3)
  A jelly (D:7)
  10 orc priests
  4 hounds
  Jessica (D:2)
  An iguana (D:5)
  Terence (D:2)
  Natasha (thrice) (D:2)
  9 orc wizards
  A boggart simulacrum (D:14)
  5 adders
  5 gnolls
  A shadow imp (D:6)
  3 white imps
  3 worms
  3 dart slugs
  48 orcs
  7 bats
  5 endoplasms
  4 giant cockroaches
  8 hobgoblins
  25 kobolds
  6 quokkas
  9 ball pythons
  4 frilled lizards
  5 goblins
  2 rats
293 creatures vanquished.

Vanquished Creatures (collateral kills)
  A centaur warrior (D:14)
  A tengu warrior (D:12)
  A two-headed ogre (D:13)
  A wizard (D:14)
  A wraith (D:13)
  3 yaks (D:10)
  A basilisk (D:14)
  A steam dragon (D:8)
  An orc warrior (D:10)
  A kobold brigand (D:11)
  3 killer bees
  An orc priest (D:10)
  An orc wizard (D:10)
  A gnoll (D:11)
  An orc (D:9)
  6 kobolds
25 creatures vanquished.

Vanquished Creatures (others)
  A centaur zombie (D:13)
  3 human zombies (D:13)
  2 meliai zombies (D:14)
  2 manticore zombies
  2 vampire mosquito zombies (D:10)
  A polar bear zombie (D:13)
  A yak zombie (D:10)
  4 killer bee zombies (D:14)
  4 kobold zombies
  8 orc zombies
  2 fungi (D:9)
  3 plants (D:9)
33 creatures vanquished.

Grand Total: 351 creatures vanquished

Notes
Turn   | Place    | Note
-------+----------+-------------------------------------------
     0 | D:1      | Bnni the Demonspawn Fighter began the quest for the Orb.
     0 | D:1      | Reached XP level 1. HP: 18/18 MP: 1/1
    71 | D:1      | Reached skill level 2 in Polearms
    79 | D:1      | Gained mutation: You are partially covered in sharp spines.
                  | [demonic ancestry]
    79 | D:1      | Reached XP level 2. HP: 5/24 MP: 2/2
   496 | D:1      | Gained mutation: You have a somewhat thin skeletal
                  | structure. (Dex +2, Stealth+) [demonic ancestry]
   496 | D:1      | Reached XP level 3. HP: 29/29 MP: 3/3
   556 | D:1      | Reached skill level 3 in Polearms
   949 | D:2      | Noticed Jessica
   956 | D:2      | Killed Jessica
   957 | D:2      | Reached XP level 4. HP: 37/37 MP: 4/4
  1175 | D:2      | Noticed Natasha
  1178 | D:2      | Killed Natasha
  1265 | D:2      | Noticed Terence
  1270 | D:2      | Killed Terence
  1271 | D:2      | Reached skill level 4 in Polearms
  1271 | D:2      | Gained mutation: You have a moderately thin skeletal
                  | structure. (Dex +4, Stealth++) [demonic ancestry]
  1271 | D:2      | Reached XP level 5. HP: 40/42 MP: 5/5
  1302 | D:2      | Noticed Natasha
  1306 | D:2      | Killed Natasha
  1426 | D:2      | Noticed Natasha
  1432 | D:2      | Killed Natasha
  2080 | D:3      | Found a transporter.
  2086 | D:3      | Noticed aIck's ghost (weakling MiFi)
  2189 | D:3      | Reached XP level 6. HP: 49/49 MP: 6/6
  2259 | D:3      | Reached skill level 5 in Polearms
  2337 | D:3      | Found a transporter.
  2356 | D:3      | Reached skill level 5 in Fighting
  2360 | D:3      | Killed aIck's ghost
  2950 | D:4      | Gained mutation: You have an unnaturally thin skeletal
                  | structure. (Dex +6, Stealth+++) [demonic ancestry]
  2950 | D:4      | Reached XP level 7. HP: 56/56 MP: 7/7
  3287 | D:4      | Identified the +5 dagger of Ojohapeh {flame, Str+2}
  3336 | D:4      | Reached skill level 6 in Polearms
  3797 | D:5      | Entered Level 5 of the Dungeon
  3807 | D:5      | Reached skill level 7 in Polearms
  3846 | D:5      | Reached XP level 8. HP: 64/64 MP: 8/8
  4546 | D:6      | Found Gadit's Jewellery Shop.
  4551 | D:6      | Noticed Sigmund
  4555 | D:6      | Killed Sigmund
  4556 | D:6      | Reached skill level 8 in Polearms
  5360 | D:7      | Reached skill level 9 in Polearms
  5360 | D:7      | Reached XP level 9. HP: 72/72 MP: 9/9
  5663 | D:7      | Found a staircase to the Ecumenical Temple.
  5671 | Temple   | Entered the Ecumenical Temple
  6062 | Temple   | Became a worshipper of Yredelemnul the Dark
  6401 | D:7      | Reached skill level 10 in Polearms
  6409 | D:7      | Reached * piety under Yredelemnul
  6931 | D:8      | Reached skill level 11 in Polearms
  6931 | D:8      | Reached XP level 10. HP: 82/82 MP: 10/10
  6938 | D:8      | Reached ** piety under Yredelemnul
  7242 | D:9      | Found a staircase to the Lair.
  7242 | D:9      | Noticed an elephant
  7277 | D:9      | Killed an elephant
  7569 | D:9      | Found Qievemp's Antique Weapon Shoppe.
  7599 | D:9      | Reached skill level 1 in Invocations
  8026 | D:10     | Entered Level 10 of the Dungeon
  8621 | D:10     | Reached *** piety under Yredelemnul
  8622 | D:10     | Reached skill level 12 in Polearms
  8859 | D:10     | Identified the +8 hand crossbow "Ottysuog" {elec, Drain
                  | rElec rC+++ Will-}
  8887 | D:10     | Reached **** piety under Yredelemnul
  8996 | D:10     | Found a blossoming altar of Fedhas.
  9032 | D:10     | Reached skill level 10 in Fighting
  9220 | D:11     | Noticed Erolcha
  9233 | D:11     | Killed Erolcha
  9307 | D:11     | Gained mutation: You have a pair of small antennae on your
                  | head. [demonic ancestry]
  9307 | D:11     | Reached XP level 11. HP: 85/89 MP: 14/14
  9328 | D:11     | Reached skill level 5 in Invocations
  9378 | D:11     | You fall into a shaft and drop 1 floor!
  9385 | D:12     | Found a staircase to the Orcish Mines.
  9420 | D:12     | Noticed a tengu warrior
  9487 | D:12     | Noticed Psyche
  9504 | D:12     | Killed Psyche
  9885 | D:12     | Noticed Fannar
  9907 | D:12     | Killed Fannar
  9908 | D:12     | Reached skill level 13 in Polearms
 10204 | D:12     | Killed a tengu warrior
 10492 | D:13     | Noticed a four-headed hydra
 10492 | D:13     | Noticed a centaur warrior
 10502 | D:12     | Killed a four-headed hydra
 10594 | D:13     | Killed a centaur warrior
 10636 | D:13     | Noticed a centaur warrior
 10654 | D:13     | Killed a centaur warrior
 10778 | D:13     | Noticed a harpy
 10780 | D:13     | a harpy changed into a polar bear
 10782 | D:13     | Reached skill level 14 in Polearms
 10782 | D:13     | Reached XP level 12. HP: 100/100 MP: 18/18
 10789 | D:13     | Noticed a two-headed ogre
 10790 | D:13     | Noticed a seven-headed hydra
 10800 | D:13     | Killed a seven-headed hydra
 10829 | D:13     | Noticed a centaur warrior
 10921 | D:13     | Noticed a centaur warrior
 10934 | D:13     | Killed a centaur warrior
 10960 | D:13     | Noticed a two-headed ogre
 10972 | D:13     | Killed a two-headed ogre
 11053 | D:13     | Killed a centaur warrior
 11141 | D:13     | Killed a two-headed ogre
 11233 | D:13     | Found a gate to the Vaults.
 11233 | D:13     | Noticed a vault guard
 11233 | D:13     | Noticed a vault guard
 11233 | D:13     | Noticed a vault guard
 11233 | D:13     | Noticed a vault guard
 11233 | D:13     | Noticed a vault guard
 11233 | D:13     | Noticed a vault guard
 11267 | D:13     | Killed a vault guard
 11274 | D:13     | Killed a vault guard
 11275 | D:13     | Reached skill level 10 in Invocations
 11275 | D:13     | Noticed a vault guard
 11288 | D:13     | Noticed a vault guard
 11295 | D:13     | Killed a vault guard
 11340 | D:13     | Killed a vault guard
 11382 | D:13     | Killed a vault guard
 11393 | D:13     | Killed a vault guard
 11413 | D:13     | Killed a vault guard
 11539 | D:13     | Killed a vault guard
 12157 | D:14     | Reached skill level 5 in Shields
 12171 | D:14     | Reached skill level 5 in Armour
 12181 | D:14     | Noticed a centaur warrior
 12188 | D:14     | Killed a centaur warrior
 12189 | D:14     | Gained mutation: A weak demonic guardian rushes to your
                  | aid. [demonic ancestry]
 12189 | D:14     | Reached XP level 13. HP: 108/108 MP: 20/22
 12318 | D:14     | Demolished by a very large slime creature

Illustrated notes

Levels and vault maps discovered:
D:1:      wander_arrival_desolate, layout_loops_ring
D:2:      layout_basic, uniq_terence, uniq_natasha, uniq_jessica
D:3:      layout_basic, gammafunk_ghost_stat_death
D:4:      layout_loops_corners, serial_glass, glass_columns_b, glass_columns_a,
          feat_on_display, kennysheep_generic_room_11
D:5:      layout_loops_ring
D:6:      layout_loops_ring, serial_shops, shop_statue, uniq_sigmund
D:7:      layout_cave_pools, minmay_temple_entry_arrows
D:8:      layout_cave_pools, grunt_ministairs_2, minmay_misc_feat_diagonals
D:9:      layout_roguey, david_lair_generic, serial_shops,
          nicolae_shop_temple_entry_statues_fountains
D:10:     wad_pebble_path, layout_stronghold, fedhas_bush_and_centaur_altar,
          disabler_island
D:11:     layout_rooms, uniq_erolcha
D:12:     layout_irregular_city, orc_0_dummy, uniq_psyche, uniq_fannar
D:13:     minmay_distorted_concentric_squares, layout_loops_ring, erik_vaults_2,
          hangedman_abyss_or_decor_lesser_grid
D:14:     layout_stronghold, nzn_wu_jian_council_hall, eino_jars
Temple:   mainiacjoe_temple_trianglar_array

Skill      XL: |  1  2  3  4  5  6  7  8  9 10 11 12 |
---------------+-------------------------------------+-----
Polearms       | 2 3 4 5 7 9 11 12 14 | 14.0
Fighting       | 4 5 6 7 8 10 11 12 | 12.2
Invocations    | 4 8 12 | 12.1
Armour         | 5 |  5.1
Shields        | 5 |  5.2

Action                   |  1- 3 |  4- 6 |  7- 9 | 10-12 | 13-15 || total
-------------------------+-------+-------+-------+-------+-------++-------
Melee: Trident           |    60 |   106 |   234 |   470 |    27 ||   897
       Unarmed           |       |       |       |     2 |       ||     2
 Fire: Hand crossbow     |       |       |       |     4 |       ||     4
Throw: Dart              |       |       |       |    28 |       ||    28
Invok: Dark Bargain      |       |       |       |     2 |       ||     2
       Recall Undead Har |       |       |       |     1 |       ||     1
  Use: Potion            |     1 |       |       |     9 |       ||    10
       Scroll            |       |     9 |     8 |     7 |     1 ||    25
 Stab: Sleeping          |       |       |     4 |     1 |       ||     5
       Distracted        |       |       |       |     2 |       ||     2
       Confused          |       |       |       |     1 |       ||     1
       Invisible         |       |       |       |     1 |       ||     1
Armor: Scale mail        |    22 |     7 |       |       |       ||    29
       Chain mail        |       |    85 |    81 |   189 |     9 ||   364
Dodge: Dodged            |    16 |    41 |    51 |    72 |     1 ||   181
Block: Buckler           |    13 |    29 |    28 |    62 |       ||   132
       Kite shield       |       |       |       |    24 |     8 ||    32

Table legend: (Time is in decaauts)
 A = Elapsed time spent in this place.
 B = Non-inter-level travel time spent in this place.
 C = Inter-level travel time spent in this place.
 D = Time resting spent in this place.
 E = Time spent auto-exploring this place.
 F = Levels seen in this place.
 G = Mean time per level.
                   A        B        C        D        E       F      G
               +--------+--------+--------+--------+--------+-----+--------+
         Total |  12187 |  11574 |    613 |    856 |   8437 |  15 |  812.5 |
       Dungeon |  11766 |  11207 |    559 |    856 |   8078 |  14 |  840.4 |
        Temple |    420 |    366 |     54 |      0 |    359 |   1 |  420.0 |
               +--------+--------+--------+--------+--------+-----+--------+

Top non-repeatable levels by time:
    D:13: 1287 daAuts
     D:4: 1141 daAuts
     D:9: 1082 daAuts
     D:3: 970 daAuts
    D:10: 955 daAuts
     D:1: 893 daAuts
    D:12: 888 daAuts
     D:7: 881 daAuts
     D:6: 870 daAuts
     D:2: 825 daAuts
     D:5: 660 daAuts
     D:8: 488 daAuts
    D:11: 453 daAuts
  Temple: 420 daAuts
    D:14: 368 daAuts
